 Dungeon Crawl Stone Soup version 0.25.1-2-g60ff931df9 (webtiles) character file.

Game seed: 6426667154600935225

46 gruber the Ruffian (level 3, 0/28 HPs)
             Began as a Draconian Transmuter on Oct 4, 2020.
             Slain by an adder (3 damage)
             ... on level 2 of the Dungeon.
             The game lasted 00:01:02 (1537 turns).

gruber the Ruffian (Draconian Transmuter)           Turns: 1537, Time: 00:01:03

Health: 0/28       AC:  5    Str: 12    XL:     3   Next: 44%
Magic:  6/6        EV: 12    Int: 14    God:
Gold:   93         SH:  0    Dex: 11    Spells: 0/6 levels left

rFire    . . .     SeeInvis .     - Unarmed
rCold    . . .     Gourm    .   (no shield)
rNeg     . . .     Faith    .   (armour unavailable)
rPois    .         Spirit   .   (helmet restricted)
rElec    .         Reflect  .   (no cloak)
rCorr    .         Harm     .   (no gloves)
MR       .....                  (no boots)
Stlth    +.........             (no amulet)
HPRegen  0.09/turn              (no ring)
MPRegen  0.10/turn              (no ring)

@: lethally poisoned (0 -> -4)
A: unfitting armour, cold-blooded, AC +5
a: no special abilities


You were on level 2 of the Dungeon.
You were not hungry.

You visited 1 branch of the dungeon, and saw 2 of its levels.

You collected 93 gold pieces.

Inventory:

Missiles
 a - 28 arrows
Scrolls
 d - a scroll of identify {unknown}
 e - a scroll of noise {unknown}
 g - 2 scrolls of teleportation {unknown}
 h - a scroll of amnesia {unknown}
Potions
 b - a potion of resistance {unknown}
 f - a potion of heal wounds {unknown}
Comestibles
 c - 3 rations
 i - a chunk of flesh


   Skills:
 - Level 1.1 Fighting
 - Level 1.7 Dodging
 + Level 4.2 Unarmed Combat
 + Level 2.2 Spellcasting
 + Level 2.2 Transmutations


You couldn't memorise any spells.
You knew the following spells:

 Your Spells              Type           Power        Failure   Level  Hunger
a - Beastly Appendage     Tmut           #.....       9%          1    #......
b - Sticks to Snakes      Tmut           #.......     14%         2    ###....
c - Spider Form           Tmut/Pois      #.........   41%         3    ###....

Your spell library contained the following spells:

 Spells                   Type           Power        Failure   Level  Hunger
 Ice Form                 Ice/Tmut       #.......     82%         4    #####..
 Blade Hands              Tmut           #.........   94%         5    ######.


Dungeon Overview and Level Annotations

Branches:
Dungeon (2/15)

Altars:
Dithmenos
Fedhas


Innate Abilities, Weirdness & Mutations

Your plain brown scales are hard. (AC +5)
You cannot fit into any form of body armour.
You are cold-blooded and may be slowed by cold attacks.


Message History

You feel sick. The adder closely misses you.
The adder bites you but does no damage.
You barely miss the adder.
The adder is heavily wounded.
The adder closely misses you.
You closely miss the adder.
The adder is heavily wounded.
The adder barely misses you.
You miss the adder.
The adder is heavily wounded.
* * * LOW HITPOINT WARNING * * *
You feel sick. The adder closely misses you.
You closely miss the adder.
The adder is heavily wounded.
The adder bites you but does no damage.
You hit the adder.
Your tail-slap misses the adder.
The adder is severely wounded.
Your horns disappear.
The adder bites you.
You die...

..÷# #.#..........#
#..# #.#..........#
#..###.#..........#
##.#...+..........#
#.#.#.#..........#
#.#)#.#..........#
#...#.#########<##
#[..#'## #####.##
#......# #.@S...#
##......# #.######
........# #.#
######..# #.#
#..#######.#
#..'.......# ### ♣
#..###############.#
♣♣
#..................#
.♣♣
#>.....###########.#


You could see an adder.

Vanquished Creatures
  3 worms (D:2)
  2 dart slugs
  A leopard gecko (D:1)
  5 giant cockroaches
  4 goblins
  5 hobgoblins (D:1)
  5 bats
  A frilled lizard (D:2)
  A kobold (D:2)
  4 rats (D:1)
31 creatures vanquished.

Notes
Turn   | Place    | Note
-------+----------+-------------------------------------------
     0 | D:1      | gruber the Draconian Transmuter began the quest for the
                  | Orb.
     0 | D:1      | Reached XP level 1. HP: 16/16 MP: 3/3
   221 | D:1      | Reached XP level 2. HP: 10/23 MP: 3/5
  1058 | D:2      | Reached XP level 3. HP: 25/28 MP: 6/6
  1062 | D:2      | Learned a level 2 spell: Sticks to Snakes
  1097 | D:2      | Found a shadowy altar of Dithmenos.
  1105 | D:2      | Learned a level 3 spell: Spider Form
  1110 | D:2      | Reached skill level 4 in Unarmed Combat
  1429 | D:2      | Found a blossoming altar of Fedhas.
  1537 | D:2      | Slain by an adder

Illustrated notes

Levels and vault maps discovered:
D:1:      psy_arrival_basics, layout_basic
D:2:      layout_basic, fedhas_altar_fruit_tree, first_ration,
          nicolae_dithmenos_shadow_blocks

Skill      XL: |  1  2  3 |
---------------+----------+-----
Unarmed Combat | 4 |  4.2
Fighting       | |  1.1
Dodging        | |  1.7
Spellcasting   | |  2.2
Transmutations | |  2.2

Action                   || total
-------------------------++-------
Melee: Unarmed           ||   158
       Tailslap          ||    16
       Kick              ||     1
       Punch             ||     1
       Headbutt          ||     1
 Cast: Beastly Appendage ||     4
       Spider Form       ||     1
  Eat: Chunk             ||     2
Armor: Skin              ||    52
Dodge: Dodged            ||    95
